Map: Abiogenesis LE

Players

Light

  • Race: Zerg Zerg
  • League: Platinum
  • Spawn Location: 11:00

meffan - Winner!

  • Race: Protoss Protoss
  • League: Platinum
  • Spawn Location: 5:00

VOD

Have the link to the VOD?

Description

Time

  • Played on: April 21, 2018, 7:10 a.m.
  • Length: 12:58
Show
View Real Time Build Order
Export as new Build Order

Light Zerg 

Build Orders: Hatch First 

Get SALT Encoding   

  12  0:01  Drone  
  13  0:12  Overlord  
  13  0:17  Drone  
  14  0:31  Drone x2  
  16  0:52  Hatchery  
  16  0:54  Drone  
  16  0:58  Drone  
  16  1:03  Extractor  
  16  1:10  Drone x2  
  18  1:25  Spawning Pool  
  17  1:28  Drone  
  18  1:35  Drone  
  19  1:41  Overlord  
  19  2:12  Queen  
  21  2:16  Zergling x4  
  21  2:20  Drone x3  
  26  2:24  Queen  
  26  2:28  Overlord  
  29  2:30  Drone  
  29  2:36  Drone  
  30  2:42  Drone  
  31  2:53  Extractor  
  31  2:56  Drone x2, Roach Warren  
  31  3:01  Drone x2  
  33  3:08  Spore Crawler x2  
  33  3:10  Drone  
  33  3:12  Drone  
  33  3:20  Drone  
  33  3:25  Drone x4  
  38  3:38  Drone x5  
  43  3:48  Drone, Overlord  
  44  3:59  Extractor  
  43  4:08  Drone x2  
  43  4:09  Drone x4, Overlord  
  49  4:19  Drone  
  49  4:20  Drone  
  51  4:24  Extractor  
  51  4:28  Overlord x2  
  50  4:37  Overlord x2  
  50  4:48  Roach  
  50  4:49  Roach x6  
  64  4:54  Overlord  
  64  4:59  Roach  
  66  5:06  Roach  
  68  5:10  Roach x3  
  68  5:11  Roach  
  76  5:16  Lair  
  76  5:17  Roach x4  
  84  5:22  Roach  
  84  5:25  Ravager  
  84  5:27  Ravager  
  88  5:31  Roach  
  88  5:35  Roach  
  92  5:41  Roach x3  
  92  5:42  Roach  
  100  5:46  Overlord x2  
  100  5:47  Overlord  
  100  5:49  Overlord  
  86  6:18  Drone x3  
  79  6:19  Drone x4  
  79  6:20  Drone x3  
  76  6:33  Zergling x4  
  75  6:46  Zergling x2  
  75  6:47  Zergling x6  
  70  7:02  Zergling x2  
  70  7:03  Zergling x2  
  68  7:15  Hydralisk Den  
  65  7:17  Evolution Chamber  
  65  7:18  Hatchery  
  65  7:20  Evolution Chamber  
  62  7:30  Overseer  
  62  7:32  Spore Crawler  
  61  7:39  Roach  
  61  7:40  Roach x7  
  61  7:41  Zergling x8  
  61  7:44  Zerg Missile Weapons Level 1  
  81  7:45  Zerg Ground Armor Level 1  
  81  7:49  Grooved Spines  
  81  7:50  Glial Reconstitution  
  81  7:59  Pneumatized Carapace  
  81  8:08  Drone x3, Baneling Nest  
  81  8:09  Drone x5, Overlord x2  
  88  8:18  Metabolic Boost  
  88  8:22  Hydralisk  
  88  8:23  Hydralisk  
  92  8:31  Queen  
  92  8:33  Queen  
  96  8:34  Hydralisk x2  
  96  8:35  Roach x3, Hydralisk x2  
  96  8:36  Roach  
  112  8:51  Extractor  
  112  8:53  Drone, Extractor  
  112  8:54  Drone x4  
  115  9:08  Hydralisk x2  
  115  9:09  Roach x3, Hydralisk x2  
  131  9:10  Roach  
  131  9:14  Hydralisk x2  
  135  9:27  Zergling x10  
  135  9:28  Centrifical Hooks  
  135  9:31  Hydralisk x2  
  144  9:45  Zergling x2  
  144  9:46  Zergling x6  
  144  9:49  Baneling  
  144  9:50  Hydralisk x2  
  151  9:54  Hydralisk  
  151  9:56  Overlord x3  
  151  9:58  Overseer  
  153  10:09  Overlord  
  153  10:10  Overlord x4  
  153  10:11  Zerg Missile Weapons Level 2  
  153  10:20  Ravager x4  
  153  10:21  Ravager x5  
  162  10:22  Hydralisk  
  162  10:23  Hydralisk x2  
  168  10:32  Zergling x12  
  174  10:48  Zergling x14  
  181  10:50  Baneling  
  181  10:51  Baneling x11  
  181  10:58  Baneling x10  
  181  11:09  Infestation Pit  
  180  11:13  Zergling x2  
  180  11:14  Hydralisk x4  
  188  11:27  Hydralisk x3  
  188  11:28  Hydralisk  
  196  11:44  Hydralisk  
  196  11:45  Roach x2  
  199  11:48  Zergling x4  
  147  12:19  Hydralisk  
  147  12:20  Roach, Hydralisk x3  
  147  12:21  Roach x3, Hydralisk  
Show
View Real Time Build Order
Export as new Build Order

meffan Protoss - Winner!

Build Orders: 1 Gate Expand 

Get SALT Encoding   

  12  0:01  Probe  
  13  0:13  Probe  
  14  0:24  Pylon  
  14  0:25  Probe  
  15  0:41  Probe  
  16  0:43  Gateway  
  16  0:49  Probe  
  16  0:55  Assimilator  
  17  0:57  Probe  
  18  1:09  Probe  
  19  1:21  Probe  
  20  1:29  Nexus  
  20  1:33  Probe  
  21  1:46  Cybernetics Core  
  21  1:48  Probe  
  22  1:58  Gateway  
  22  2:05  Pylon  
  22  2:08  Probe  
  23  2:12  Warp Gate  
  23  2:14  Assimilator  
  23  2:19  Zealot  
  23  2:20  Pylon  
  25  2:31  Probe  
  26  2:43  Probe x2  
  28  2:50  Robotics Facility  
  28  2:57  Probe  
  29  3:07  Probe  
  29  3:09  Probe  
  31  3:13  Gateway  
  32  3:20  Probe  
  32  3:22  Probe  
  32  3:23  Stalker  
  35  3:32  Probe  
  35  3:34  Probe  
  37  3:38  Observer  
  37  3:44  Probe, Pylon  
  37  3:46  Probe  
  40  3:55  Immortal  
  40  3:58  Probe x2  
  40  4:00  Assimilator  
  46  4:10  Probe x2  
  48  4:17  Pylon  
  48  4:22  Probe x2  
  50  4:26  Twilight Council  
  50  4:27  Gateway  
  50  4:29  Gateway  
  50  4:34  Probe  
  50  4:36  Assimilator  
  50  4:38  Immortal  
  55  4:40  Sentry x2  
  55  4:43  Stalker  
  61  4:59  Twilight Council  
  61  5:01  Forge x2  
  60  5:10  Charge  
  60  5:21  Zealot x3  
  62  5:24  Protoss Ground Weapons Level 1  
  62  5:25  Protoss Ground Armor Level 1  
  66  5:38  Photon Cannon  
  66  5:44  Gateway  
  66  5:46  Gateway  
  66  5:47  Pylon  
  66  5:51  Pylon  
  60  6:12  Stalker x3  
  64  6:20  Zealot  
  64  6:21  Immortal  
  56  6:37  Zealot  
  56  6:38  Zealot x3  
  56  6:46  Cybernetics Core  
  52  6:50  Protoss Ground Weapons Level 2  
  52  6:51  Protoss Ground Armor Level 2  
  48  6:56  Zealot  
  47  7:02  Immortal  
  49  7:08  Zealot x3  
  49  7:09  Gateway, Zealot  
  57  7:27  Probe  
  58  7:31  Immortal  
  58  7:36  Sentry  
  58  7:37  Sentry x2  
  62  7:38  Sentry, Zealot  
  62  7:39  Probe  
  73  7:52  Probe  
  74  8:01  Pylon  
  74  8:04  Stalker, Pylon  
  74  8:05  Stalker, Immortal  
  82  8:27  Nexus  
  82  8:28  Pylon  
  82  8:43  Templar Archives  
  82  8:49  Pylon  
  82  8:54  Protoss Ground Weapons Level 3, Immortal  
  86  8:59  Stalker x2, Protoss Ground Armor Level 3  
  86  9:01  Zealot x2  
  94  9:03  Probe x2  
  96  9:15  Probe  
  97  9:40  Photon Cannon  
  97  9:41  Photon Cannon  
  97  9:43  Probe x2  
  97  9:44  Shield Battery  
  97  9:45  Probe, Pylon  
  100  9:51  Psionic Storm  
  100  10:01  High Templar x3  
  100  10:02  High Templar x2  
  110  10:08  Archon  
  110  10:13  Zealot x3  
  112  10:47  Assimilator  
  112  10:51  Assimilator  
  112  10:55  Pylon  
  112  10:59  High Templar  
  112  11:00  High Templar x3  
  112  11:01  Zealot  
  112  11:03  Photon Cannon, Archon  
  112  11:04  Archon  
  122  11:05  Photon Cannon  
  122  11:06  Zealot x2  
  126  11:41  Zealot x2  
  126  11:42  Zealot x5  
  83  12:27  Archon  
  79  12:31  Zealot x2  
  79  12:32  High Templar x4  
  79  12:33  Zealot  
  79  12:34  Zealot  
Tags
 
Add a new tag
Caveats
  • Supply blocks, unpowered buildings, or Contaminate may cause inaccurate times.
  • Supply counts are checked every 10 seconds.